[Event "Titled Tuesday Blitz May 2 Early 2023"]
[White "Sokolovsky, Yahli"]
[Black "Terry, Renato"]
[WhiteFideId "2820242"]
[BlackFideId "3803457"]
[WhiteElo "2316"]
[BlackElo "2575"]
[Result "0-1"]
[Round "07"]
[TimeControl "180+2"]
[Date "2023.05.03"]
[WhiteClock "0:00:00"]
[BlackClock "0:00:00"]

1. b3 d5 2. Bb2 Bg4 3. h3 Bh5 4. Nf3 Nd7 5. e3 Ngf6 6. d4 c5 7. Be2 e6 8. Nbd2 Rc8 9. O-O cxd4 10. exd4 Bb4 11. c3 Bxc3 12. Bxc3 Rxc3 13. Qe1 Qc7 14. g4 Bg6 15. Ne5 Rxh3 16. Ndf3 Nxe5 17. dxe5 Nd7 18. Rc1 Qb8 19. Kg2 Rxf3 20. Bxf3 O-O 21. Qc3 Nxe5 22. Qc7 Nc6 23. Qxb8 Rxb8 24. Rc5 Kf8 25. Rfc1 Ke7 26. Be2 Kd6 27. Bb5 Nd4 28. Bf1 Be4+ 29. Kg3 Nc6 30. Bb5 d4 31. R5c4 e5 32. f4 f6 33. Bxc6 Bxc6 34. g5 h6 35. gxh6 gxh6 36. Kf2 Rg8 37. Rg1 Rxg1 38. Kxg1 h5 39. Kf2 Kd5 40. Kg3 Ke4 41. fxe5 fxe5 42. Kf2 h4 43. Rc1 Kf4 44. Rc4 h3 45. Rb4 h2 0-1


[Site "https://www.chess.com"]

[Event "Titled Tuesday Blitz May 2 Early 2023"]
[White "Ibarra Jerez, Jose Carlos"]
[Black "Albornoz Cabrera, Carlos Daniel"]
[WhiteFideId "2226332"]
[BlackFideId "3518736"]
[WhiteElo "2638"]
[BlackElo "2516"]
[Result "1-0"]
[Round "07"]
[TimeControl "180+2"]
[Date "2023.05.03"]
[WhiteClock "0:00:00"]
[BlackClock "0:00:00"]

1. e4 c6 2. Nf3 d5 3. d3 g6 4. Qe2 Bg7 5. g3 Bg4 6. Nbd2 e6 7. Bg2 Nd7 8. O-O Ne7 9. h3 Bxf3 10. Nxf3 Qb6 11. e5 c5 12. c4 O-O 13. h4 h6 14. Bf4 Kh7 15. b3 a5 16. Rab1 Qc7 17. a3 Ra6 18. Rfe1 a4 19. b4 cxb4 20. Rxb4 Nc5 21. Nd4 Nc6 22. Nb5 Qe7 23. Rbb1 dxc4 24. dxc4 Nb3 25. Rbd1 Raa8 26. Nd6 Rfd8 27. Qe3 Ra6 28. Nb5 Raa8 29. Qe4 Kg8 30. Qe3 Kh7 31. Be4 Rxd1 32. Rxd1 Rd8 33. Nd6 Nxe5 34. Bxe5 Bxe5 35. Bxg6+ fxg6 36. Qxe5 b6 37. h5 Nc5 38. hxg6+ Kg8 39. Rd4 Qg7 40. Qxg7+ Kxg7 41. Nf5+ exf5 42. Rxd8 1-0


[Site "https://www.chess.com"]

[Event "Titled Tuesday Blitz May 2 Early 2023"]
[White "Srihari L R"]
[Black "Daneshvar, Bardiya"]
[WhiteFideId "46617116"]
[BlackFideId "12576468"]
[WhiteElo "2334"]
[BlackElo "2468"]
[Result "1/2-1/2"]
[Round "07"]
[TimeControl "180+2"]
[Date "2023.05.03"]
[WhiteClock "0:00:00"]
[BlackClock "0:00:00"]

1. Nf3 Nf6 2. c4 h6 3. g3 g6 4. Bg2 Bg7 5. O-O O-O 6. d4 e6 7. Nc3 d5 8. cxd5 exd5 9. Bf4 c6 10. h4 Re8 11. Qc1 Kh7 12. Ne5 Be6 13. Re1 Nbd7 14. Qd2 Nh5 15. Nxd7 Bxd7 16. e4 dxe4 17. Nxe4 Nxf4 18. Qxf4 Be6 19. Nc5 Qxd4 20. Nxe6 fxe6 21. Qxd4 Bxd4 22. Re2 Kg7 23. Be4 Rad8 24. Kg2 e5 25. Rc1 Rf8 26. b4 a6 27. a4 Rf7 28. f3 Rd6 29. Rec2 Rfd7 30. Rd1 Bb6 31. Rxd6 Rxd6 32. Kh3 Kf6 33. b5 axb5 34. axb5 cxb5 35. Rb2 Bc5 36. Rxb5 b6 37. Rb2 h5 38. g4 hxg4+ 39. Kxg4 Rd1 40. Kg3 Bd4 41. Rc2 Bc5 42. Ra2 Rg1+ 43. Kh2 Bd4 44. Rc2 b5 45. Rc6+ Kg7 46. Rc7+ Kh6 47. Rb7 Ra1 48. Rxb5 Ra2+ 49. Kh3 Be3 50. Rxe5 Bf4 51. Re6 Kg7 52. Rxg6+ Kh8 53. Kg4 Be3 54. h5 Rg2+ 55. Kf5 Rxg6 56. hxg6 Kg7 57. f4 Bd4 58. Ke6 Bf6 59. f5 Ba1 60. Bd5 Bf6 61. Be4 Ba1 62. Bd5 Bf6 63. Be4 1/2-1/2


[Site "https://www.chess.com"]

[Event "Titled Tuesday Blitz May 2 Early 2023"]
[White "Lenderman, Aleksandr"]
[Black "Tristan, Leonardo"]
[WhiteFideId "2021285"]
[BlackFideId "113816"]
[WhiteElo "2607"]
[BlackElo "2461"]
[Result "1-0"]
[Round "07"]
[TimeControl "180+2"]
[Date "2023.05.03"]
[WhiteClock "0:00:00"]
[BlackClock "0:00:00"]

1. Nf3 d5 2. e3 Nf6 3. c4 e6 4. Nc3 dxc4 5. Bxc4 a6 6. O-O b5 7. Bb3 Bb7 8. d4 Be7 9. Re1 O-O 10. e4 c5 11. e5 Nd5 12. Nxd5 Bxd5 13. dxc5 Bxb3 14. Qxb3 Nd7 15. c6 Nc5 16. Qc2 Qd3 17. Qxd3 Nxd3 18. Rd1 Nb4 19. c7 Rfc8 20. Rd7 Nd5 21. Bg5 Bxg5 22. Nxg5 Rxc7 23. Rxc7 Nxc7 24. Rc1 Nd5 25. h4 h6 26. Ne4 Nb4 27. Rc7 Nd3 28. Nd6 Nxe5 29. f4 Ng6 30. g3 Rd8 31. Nxf7 Rd1+ 32. Kg2 Rd2+ 33. Kh3 Rxb2 34. h5 Nh8 35. Nd8 Re2 36. Re7 Kf8 37. Ra7 e5 38. Ne6+ Ke8 39. Nxg7+ Kd8 40. f5 e4 41. Ne6+ Ke8 42. f6 Nf7 43. Re7# 1-0


[Site "https://www.chess.com"]

[Event "Titled Tuesday Blitz May 2 Early 2023"]
[White "Hua, Lefong"]
[Black "Demchenko, Anton"]
[WhiteFideId "2602253"]
[BlackFideId "4160258"]
[WhiteElo "2305"]
[BlackElo "2545"]
[Result "1-0"]
[Round "07"]
[TimeControl "180+2"]
[Date "2023.05.03"]
[WhiteClock "0:00:00"]
[BlackClock "0:00:00"]

1. d4 Nf6 2. c4 d6 3. Nc3 e5 4. e3 Nbd7 5. g3 g6 6. Bg2 Bg7 7. Nge2 O-O 8. O-O Re8 9. Qc2 c6 10. b4 exd4 11. exd4 Nb6 12. c5 dxc5 13. dxc5 Bf5 14. Qb3 Be6 15. Qc2 Nbd5 16. a3 Bf5 17. Qb3 Ne4 18. Rd1 Nexc3 19. Nxc3 Bxc3 20. Bxd5 Qf6 21. Bxf7+ Qxf7 22. Qxc3 h5 23. Bb2 Kh7 24. Re1 Be4 25. h4 Rad8 26. Re3 Bf5 27. Rae1 Rxe3 28. Rxe3 Rd1+ 29. Kh2 Rd8 30. Qe5 Rf8 31. Qd6 Re8 32. Rxe8 Qxe8 33. Qf6 Qg8 34. f3 1-0


[Site "https://www.chess.com"]

[Event "Titled Tuesday Blitz May 2 Early 2023"]
[White "Suleymanli, Aydin"]
[Black "Koellner, Ruben Gideon"]
[WhiteFideId "13413937"]
[BlackFideId "12993093"]
[WhiteElo "2559"]
[BlackElo "2314"]
[Result "1-0"]
[Round "07"]
[TimeControl "180+2"]
[Date "2023.05.03"]
[WhiteClock "0:00:00"]
[BlackClock "0:00:00"]

1. d4 d6 2. c4 e5 3. Nc3 exd4 4. Qxd4 Nc6 5. Qd2 g6 6. b3 Bh6 7. e3 Nf6 8. Bb2 O-O 9. g3 Re8 10. Bg2 Bf5 11. Nge2 Ne4 12. Nxe4 Bxe4 13. Bxe4 Rxe4 14. Nc3 Re8 15. Nd5 Bg7 16. Bxg7 Kxg7 17. Qc3+ f6 18. O-O-O a5 19. a3 Re6 20. g4 Kf7 21. h4 Ne7 22. Nf4 Re5 23. g5 fxg5 24. hxg5 Kg8 25. Rh3 Qf8 26. Rdh1 Qg7 27. Rxh7 Qxh7 28. Rxh7 Kxh7 29. Nd3 Rf5 30. f4 Raf8 31. Nf2 b5 32. Ng4 Ng8 33. Kd2 bxc4 34. Qxc4 c5 35. Qa6 d5 36. Qa7+ R8f7 37. Qxc5 Rd7 38. Qd4 Re7 39. b4 axb4 40. axb4 Re4 41. Qa7+ Kh8 42. Nh6 d4 43. Nxf5 1-0


[Site "https://www.chess.com"]

[Event "Titled Tuesday Blitz May 2 Early 2023"]
[White "Martinez Alcantara, Jose Eduardo"]
[Black "Jia, Haoxiang"]
[WhiteFideId "3805662"]
[BlackFideId "8602999"]
[WhiteElo "2711"]
[BlackElo "2331"]
[Result "1-0"]
[Round "07"]
[TimeControl "180+2"]
[Date "2023.05.03"]
[WhiteClock "0:00:00"]
[BlackClock "0:00:00"]

1. e4 c5 2. Nf3 e6 3. c3 Nf6 4. Bd3 d5 5. e5 Nfd7 6. Bc2 Nc6 7. d4 b5 8. O-O Qb6 9. Be3 b4 10. Nbd2 bxc3 11. bxc3 cxd4 12. cxd4 Ba6 13. Re1 Be7 14. Rb1 Qc7 15. Rc1 Rc8 16. Bb1 O-O 17. h3 g6 18. h4 Ba3 19. Rc3 Bb4 20. Rc1 Ba3 21. Rc3 Bb4 22. Rb3 Rb8 23. Ng5 Bxd2 24. Qxd2 Rxb3 25. axb3 Rb8 26. Qd1 Nf8 27. h5 Qa5 28. Kh2 Rxb3 29. h6 Rb2 30. Qf3 f5 31. exf6 Qc7+ 32. Bf4 e5 33. f7+ 1-0


[Site "https://www.chess.com"]

[Event "Titled Tuesday Blitz May 2 Early 2023"]
[White "Matlakov, Maxim"]
[Black "Simonian, Hrair"]
[WhiteFideId "4168003"]
[BlackFideId "13302337"]
[WhiteElo "2666"]
[BlackElo "2447"]
[Result "1-0"]
[Round "07"]
[TimeControl "180+2"]
[Date "2023.05.03"]
[WhiteClock "0:00:00"]
[BlackClock "0:00:00"]

1. e4 c5 2. Nf3 e6 3. c3 d5 4. e5 Nc6 5. d4 Qb6 6. Bd3 Bd7 7. O-O cxd4 8. Re1 dxc3 9. Nxc3 Rc8 10. a3 Nge7 11. h4 a6 12. h5 h6 13. Qe2 Nd4 14. Nxd4 Qxd4 15. Qf3 Nc6 16. Bf4 Be7 17. Rad1 Qb6 18. Qg4 Kf8 19. Nxd5 Qd8 20. Nc3 Qe8 21. Be4 Rd8 22. Rd3 Bg5 23. Bg3 Bc8 24. Red1 Rxd3 25. Rxd3 Be7 26. Bf3 Rg8 27. Ne4 f5 28. exf6 gxf6 29. Qf4 Kg7 30. Qd2 f5 31. Nd6 Qf8 32. Nxc8 Qxc8 33. Rd7 Kf7 34. Bh4 Rd8 35. Bxc6 Rxd7 36. Bxd7 Qd8 37. Bxe6+ Kxe6 38. Qxd8 1-0


[Site "https://www.chess.com"]

[Event "Titled Tuesday Blitz May 2 Early 2023"]
[White "Kuzubov, Yuriy"]
[Black "Korchmar, Vasiliy"]
[WhiteFideId "14112906"]
[BlackFideId "24131750"]
[WhiteElo "2496"]
[BlackElo "2370"]
[Result "0-1"]
[Round "07"]
[TimeControl "180+2"]
[Date "2023.05.03"]
[WhiteClock "0:00:00"]
[BlackClock "0:00:00"]

1. d4 d5 2. c4 c6 3. Nf3 Nf6 4. Nc3 e6 5. Bg5 Nbd7 6. e3 Be7 7. Be2 O-O 8. O-O h6 9. Bh4 dxc4 10. a4 b6 11. Bxc4 Bb7 12. Qe2 Nd5 13. Bg3 Nxc3 14. bxc3 c5 15. e4 Nf6 16. Bd3 Rc8 17. a5 bxa5 18. Rfb1 Bc6 19. Qe3 a4 20. Ne5 Qa5 21. Nxc6 Rxc6 22. d5 Rb6 23. d6 Bd8 24. Rxb6 Bxb6 25. Bc2 a3 26. c4 Qb4 27. e5 Nd7 28. Qxa3 Qxc4 29. Qd3 Qxd3 30. Bxd3 f6 31. exf6 Rxf6 32. Bb5 Rf7 33. Re1 Nf8 34. Kf1 Rf5 35. Bc4 Kf7 36. Ke2 Ke8 37. f3 Kd7 38. Rd1 e5 39. Bb5+ Kd8 40. Rd5 Ne6 0-1


[Site "https://www.chess.com"]

[Event "Titled Tuesday Blitz May 2 Early 2023"]
[White "Zhigalko, Sergei"]
[Black "Arkell, Keith C"]
[WhiteFideId "13502956"]
[BlackFideId "400270"]
[WhiteElo "2626"]
[BlackElo "2319"]
[Result "1-0"]
[Round "07"]
[TimeControl "180+2"]
[Date "2023.05.03"]
[WhiteClock "0:00:01"]
[BlackClock "0:00:01"]

1. e4 c6 2. d4 d5 3. e5 c5 4. Nf3 cxd4 5. Qxd4 Nc6 6. Qf4 f6 7. Bb5 Nh6 8. O-O a6 9. Bxc6+ bxc6 10. Re1 Kf7 11. e6+ Bxe6 12. Ng5+ 1-0


[Site "https://www.chess.com"]

[Event "Titled Tuesday Blitz May 2 Early 2023"]
[White "Vaibhav Jayant Raut"]
[Black "Hayrapetyan, Hovik"]
[WhiteFideId "5089034"]
[BlackFideId "13302639"]
[WhiteElo "2156"]
[BlackElo "2348"]
[Result "1/2-1/2"]
[Round "07"]
[TimeControl "180+2"]
[Date "2023.05.03"]
[WhiteClock "0:00:00"]
[BlackClock "0:00:00"]

1. c4 e5 2. g3 Nf6 3. Bg2 Nc6 4. Nc3 g6 5. d3 Bg7 6. Rb1 O-O 7. e4 a5 8. Nge2 d6 9. O-O Nh5 10. Nd5 Ne7 11. Nxe7+ Qxe7 12. f4 exf4 13. Nxf4 Nxf4 14. Bxf4 h5 15. Bd2 h4 16. Bc3 hxg3 17. hxg3 Qg5 18. Qf3 Be5 19. Bxe5 dxe5 20. Rbe1 Be6 21. Qe3 Qxe3+ 22. Rxe3 Rad8 23. b3 Kg7 24. Kf2 c5 25. a4 Rd6 26. Rh1 Rb6 27. Rb1 Bd7 28. Ree1 Rd8 29. Ke3 Be6 30. Bf3 Rd4 31. Be2 Rb4 32. Rf1 Bd7 33. Rfd1 Rd6 34. Rf1 Rdb6 35. Bd1 Bxa4 36. Ra1 Bxb3 37. Bxb3 Rxb3 38. Rxa5 Rd6 39. Rd1 b6 40. Ra7 b5 41. cxb5 c4 42. Rb7 cxd3 43. Rd2 Kf6 44. Rf2+ Kg5 45. Rd2 f5 46. exf5 gxf5 47. Rg7+ Kf6 48. Rb7 Ke6 49. Rb8 Rd4 50. b6 Re4+ 51. Kf3 Reb4 52. Ke3 e4 53. g4 Rxb6 54. Rh8 R6b4 55. Rh6+ Kd5 56. Rh5 Rb1 57. Rxf5+ Ke6 58. Rf4 Re1+ 59. Kf2 Rbb1 60. Kg3 Re3+ 61. Kh4 Re2 62. Rxe2 dxe2 63. Rxe4+ Kf6 64. Rxe2 Rb3 65. Rf2+ Kg6 66. Rc2 Rb6 67. Rc5 Rb1 68. Rg5+ Kf6 69. Ra5 Rh1+ 70. Kg3 Rg1+ 71. Kf3 Rf1+ 72. Kg2 Rb1 73. Rf5+ Kg6 74. Rc5 Rb3 75. Kf2 Rh3 76. Kg2 Ra3 77. Rb5 Ra1 78. Kf3 Ra6 79. Kf4 Rf6+ 80. Kg3 Ra6 81. Kh4 Ra1 82. Rb6+ Kg7 83. Kh5 Ra3 84. Rb7+ Kg8 85. g5 Ra6 86. Rc7 Rb6 87. Rc8+ Kg7 88. Rc7+ Kg8 89. Rc3 Rb1 90. Kh6 Rb8 91. g6 Ra8 92. Rc7 Kh8 93. Rh7+ Kg8 94. Rd7 Rb8 95. Rc7 Ra8 96. Rg7+ Kh8 97. Rb7 Kg8 98. Kg5 Ra1 99. Rb8+ Kg7 100. Rb7+ Kg8 101. Rb4 Rg1+ 102. Kf6 Rf1+ 103. Ke6 Re1+ 104. Kf5 Rf1+ 105. Rf4 Rxf4+ 106. Kxf4 Kg7 107. Kf5 Kg8 108. Kg4 Kg7 109. Kg5 Kg8 110. Kh6 Kh8 111. Kh5 Kg7 112. Kg5 Kg8 113. Kf6 Kf8 114. g7+ Kg8 115. Kg6 1/2-1/2


[Site "https://www.chess.com"]

[Event "Titled Tuesday Blitz May 2 Early 2023"]
[White "Djordjevic, Vuk"]
[Black "Golichenko, Ilija"]
[WhiteFideId "902098"]
[BlackFideId "14117223"]
[WhiteElo "2452"]
[BlackElo "2339"]
[Result "0-1"]
[Round "07"]
[TimeControl "180+2"]
[Date "2023.05.03"]
[WhiteClock "0:00:00"]
[BlackClock "0:00:00"]

1. d4 Nf6 2. Bg5 Ne4 3. Bf4 c5 4. f3 Nf6 5. dxc5 Qa5+ 6. Nc3 Qxc5 7. e4 d6 8. Qd2 g6 9. Be3 Qc7 10. Nb5 Qd7 11. Nxa7 Nc6 12. Bb5 Bg7 13. Ne2 O-O 14. O-O Qc7 15. Nxc8 Rfxc8 16. c4 Nd7 17. Nc3 Nce5 18. b3 e6 19. Rad1 Nc5 20. Na4 Nxa4 21. bxa4 Nxc4 22. Bxc4 Qxc4 23. Qxd6 Qxa4 24. Rd2 Rc2 25. Rb1 Qxa2 26. Rxb7 Rxd2 27. Qxd2 Qa1+ 28. Qc1 Qxc1+ 29. Bxc1 Bd4+ 30. Kf1 Ra1 31. Rb8+ Kg7 32. Rc8 Bb2 33. Ke2 Rxc1 34. Rb8 Be5 35. Rb5 Bxh2 36. Kf2 Bd6 37. g4 h6 38. Ke3 Rc3+ 39. Ke2 Bf4 40. Kf2 e5 41. Rb6 h5 42. Ra6 h4 43. Kg2 Rc2+ 44. Kg1 h3 45. Ra1 h2+ 46. Kh1 Rf2 47. g5 Rxf3 48. Rd1 Rg3 49. Rf1 Rg1+ 50. Rxg1 hxg1=Q+ 0-1


[Site "https://www.chess.com"]

[Event "Titled Tuesday Blitz May 2 Early 2023"]
[White "Suyarov, Mukhammadzokhid"]
[Black "Malek, Jan"]
[WhiteFideId "14210495"]
[BlackFideId "21864080"]
[WhiteElo "2361"]
[BlackElo "2255"]
[Result "1-0"]
[Round "07"]
[TimeControl "180+2"]
[Date "2023.05.03"]
[WhiteClock "0:00:00"]
[BlackClock "0:00:00"]

1. d4 f5 2. Bg5 d5 3. e3 Nf6 4. Bxf6 exf6 5. c4 c6 6. Nc3 Be6 7. cxd5 Bxd5 8. Nf3 Be6 9. Bd3 Bd6 10. O-O O-O 11. Nd2 Nd7 12. Bc4 Qe7 13. Qb3 Rfe8 14. Qxb7 Rab8 15. Qxc6 Rec8 16. Bxe6+ Qxe6 17. Qd5 Qxd5 18. Nxd5 Rxb2 19. Nf3 Rcc2 20. a4 Kf7 21. Rac1 Ke6 22. Nc3 Nb6 23. a5 Nc4 24. a6 Bb4 25. Na4 Rxc1 26. Rxc1 Ra2 27. h4 Kd5 28. Nc5 Bxc5 29. dxc5 Rxa6 30. Nd4 g6 31. c6 Ra5 32. Rd1 Kd6 33. Rc1 Rc5 34. c7 Kxc7 35. Ne6+ Kd6 36. Nxc5 Kxc5 37. Rb1 a5 38. Ra1 Kb4 39. Kf1 a4 40. Ke2 1-0


[Site "https://www.chess.com"]

[Event "Titled Tuesday Blitz May 2 Early 2023"]
[White "Lenaerts, Lennert"]
[Black "Indjic, Aleksandar"]
[WhiteFideId "211435"]
[BlackFideId "911925"]
[WhiteElo "2334"]
[BlackElo "2614"]
[Result "0-1"]
[Round "07"]
[TimeControl "180+2"]
[Date "2023.05.03"]
[WhiteClock "0:00:00"]
[BlackClock "0:00:00"]

1. d4 Nf6 2. c4 e6 3. Nc3 c5 4. d5 exd5 5. cxd5 d6 6. Nf3 g6 7. Bf4 Bg7 8. Qa4+ Bd7 9. Qb3 O-O 10. Qxb7 Qa5 11. Qxa8 Qb6 12. O-O-O Na6 13. Qxf8+ Kxf8 14. e3 Ng4 15. Bg3 Nb4 16. Bc4 Bf5 17. h3 Nf6 18. Rhe1 Ne4 19. Bb3 Qa6 20. Nxe4 Bxe4 21. a3 c4 22. Nd4 cxb3 23. f3 Qc4+ 24. Kd2 Bxd4 25. exd4 Qd3+ 26. Kc1 Na2# 0-1


[Site "https://www.chess.com"]

[Event "Titled Tuesday Blitz May 2 Early 2023"]
[White "Siva Mahadevan"]
[Black "Mendez Fortes, Eduardo Jesus"]
[WhiteFideId "25043153"]
[BlackFideId "3502376"]
[WhiteElo "2249"]
[BlackElo "2307"]
[Result "1-0"]
[Round "07"]
[TimeControl "180+2"]
[Date "2023.05.03"]
[WhiteClock "0:00:00"]
[BlackClock "0:00:00"]

1. e4 c5 2. Nf3 d6 3. d4 cxd4 4. Nxd4 Nf6 5. Nc3 a6 6. Bg5 Nbd7 7. Qe2 h6 8. Bh4 g6 9. f4 e5 10. fxe5 dxe5 11. O-O-O Qc7 12. Nb3 b5 13. Rxd7 Nxd7 14. Nd5 Qb8 15. Na5 Bb7 16. Qd3 Bc5 17. Be2 O-O 18. Bg4 Nb6 19. Ne7+ Kg7 20. Rf1 Nc4 21. Bf6+ Kh7 22. Nxc4 bxc4 23. Qh3 Qa7 24. Bg5 h5 25. Bxh5 Rh8 26. Rxf7# 1-0


[Site "https://www.chess.com"]

[Event "Titled Tuesday Blitz May 2 Early 2023"]
[White "Girya, Olga"]
[Black "Xu, Yi"]
[WhiteFideId "4195752"]
[BlackFideId "8605564"]
[WhiteElo "2263"]
[BlackElo "2471"]
[Result "0-1"]
[Round "07"]
[TimeControl "180+2"]
[Date "2023.05.03"]
[WhiteClock "0:00:00"]
[BlackClock "0:00:00"]

1. d4 Nf6 2. Nf3 d5 3. c4 e6 4. Nc3 Bb4 5. Qb3 c5 6. dxc5 Nc6 7. Bg5 Qa5 8. Bxf6 dxc4 9. Qxc4 gxf6 10. Rc1 Qxc5 11. Qh4 Ke7 12. g3 Bxc3+ 13. Rxc3 Qb4 14. Qxb4+ Nxb4 15. e4 Nxa2 16. Rc7+ Bd7 17. Bb5 Rhd8 18. Rxb7 Rab8 19. Rxa7 Rxb5 20. Rxa2 Bc6 21. Nd2 f5 22. f3 fxe4 23. Nxe4 Rdb8 24. Nc3 Rxb2 25. Rxb2 Rxb2 26. O-O f5 27. f4 Rg2+ 0-1


[Site "https://www.chess.com"]

[Event "Titled Tuesday Blitz May 2 Early 2023"]
[White "Dilanyan, Grigor"]
[Black "Pakleza, Zbigniew"]
[WhiteFideId "13303570"]
[BlackFideId "1119290"]
[WhiteElo "2229"]
[BlackElo "2410"]
[Result "0-1"]
[Round "07"]
[TimeControl "180+2"]
[Date "2023.05.03"]
[WhiteClock "0:00:00"]
[BlackClock "0:00:00"]

1. e4 d6 2. d4 Nf6 3. Nc3 c6 4. f4 Qb6 5. Nf3 Bg4 6. Be2 Bxf3 7. Bxf3 e5 8. fxe5 dxe5 9. dxe5 Nfd7 10. e6 fxe6 11. Qe2 Ne5 12. Rb1 Nbd7 13. a3 O-O-O 14. b4 Qc7 15. Be3 Nb6 16. O-O Nec4 17. Bc1 Bd6 18. g3 h5 19. a4 Be5 20. Rb3 a5 21. Nd1 h4 22. g4 h3 23. Ne3 Bd4 24. Kh1 Nxe3 25. Bxe3 axb4 26. Rxb4 c5 27. Rb3 c4 28. Rb4 Qc5 29. Rb5 Qc6 30. e5 Qc7 31. Bxd4 Rxd4 32. Rfb1 Nd5 33. Rxb7 Qxb7 34. Rxb7 Kxb7 35. Qe3 Rf8 36. Qxd4 Rxf3 37. Kg1 c3 38. a5 Re3 39. Kf1 Ka6 40. Qc4+ Kxa5 41. Qc5+ Ka4 42. Qc4+ Ka5 43. Qc5+ Ka4 44. Kf2 Rxe5 45. Qc6+ Kb4 46. Qb7+ Kc4 47. Qxg7 Kd4 48. g5 Ne3 49. Qxe5+ Kxe5 50. Kxe3 Kf5 51. Kd3 Kxg5 52. Kxc3 Kf4 53. Kd3 Kf3 54. c3 e5 55. c4 e4+ 56. Kd4 e3 57. c5 e2 58. c6 e1=Q 59. c7 Qc1 60. c8=Q Qxc8 0-1


[Site "https://www.chess.com"]

[Event "Titled Tuesday Blitz May 2 Early 2023"]
[White "Soham Kamotra"]
[Black "Gabrielian, Artur"]
[WhiteFideId "46647490"]
[BlackFideId "4131002"]
[WhiteElo "2209"]
[BlackElo "2432"]
[Result "1-0"]
[Round "07"]
[TimeControl "180+2"]
[Date "2023.05.03"]
[WhiteClock "0:00:00"]
[BlackClock "0:00:00"]

1. d4 Nf6 2. Nf3 g6 3. Nc3 Bg7 4. e4 d6 5. Be2 O-O 6. O-O a6 7. a4 Nc6 8. h3 e5 9. dxe5 dxe5 10. Bg5 h6 11. Qxd8 Rxd8 12. Bxf6 Bxf6 13. Nd5 Kg7 14. Nxc7 Rb8 15. Nd5 Be6 16. Rfd1 Bxd5 17. exd5 Nb4 18. c4 e4 19. Nd2 e3 20. fxe3 Nc2 21. Rab1 Nxe3 22. Re1 b5 23. cxb5 axb5 24. Bxb5 Nxd5 25. Ne4 Bd4+ 26. Kh1 Nb4 27. b3 f5 28. Rbd1 fxe4 29. Rxe4 Bc5 30. Rc1 Bd6 31. Rd1 Bg3 32. Rf1 Nd5 33. Rf3 Bd6 34. Rd4 Nf6 35. Rfd3 Bc7 36. Rxd8 Rxd8 37. Rxd8 Bxd8 38. Bc4 Ba5 39. g3 Kf8 40. Kg2 Ke7 41. Kf3 Kd6 42. Kf4 Bd2+ 43. Kf3 Ke5 44. Bf7 g5 45. Bc4 Bb4 46. g4 Ne4 47. Bg8 Nc5 48. Ke3 Ba5 49. Kf3 Kd4 50. Bc4 Ne4 51. Bg8 Nc3 52. Bf7 Bb4 53. Bg8 Ne4 54. Bf7 Nd2+ 55. Ke2 Nb1 56. Bg8 Nc3+ 57. Kf3 Bc5 58. Bf7 Bb6 59. Bc4 Nxa4 60. bxa4 Kxc4 61. Ke4 Kb4 62. Kf5 Kxa4 63. Kg6 1-0


[Site "https://www.chess.com"]

[Event "Titled Tuesday Blitz May 2 Early 2023"]
[White "Vakhlamov, Igor L."]
[Black "Novik, Maxim"]
[WhiteFideId "24126748"]
[BlackFideId "4102924"]
[WhiteElo "2400"]
[BlackElo "2287"]
[Result "0-1"]
[Round "07"]
[TimeControl "180+2"]
[Date "2023.05.03"]
[WhiteClock "0:00:00"]
[BlackClock "0:00:00"]

1. e4 c6 2. d4 d5 3. exd5 cxd5 4. c4 Nf6 5. Nc3 g6 6. cxd5 Nxd5 7. Qb3 Nxc3 8. Bc4 e6 9. bxc3 Bg7 10. Bb5+ Bd7 11. Nf3 O-O 12. O-O Nc6 13. Bd3 Qc7 14. Bd2 Rac8 15. Rfe1 Na5 16. Qa3 b6 17. h4 Bc6 18. Ne5 Bd5 19. h5 Nc6 20. Ng4 Ne7 21. h6 Bh8 22. Rac1 Nf5 23. c4 Ba8 24. Bxf5 gxf5 25. Ne5 Bxe5 26. dxe5 f6 27. Rc3 Kf7 28. Rg3 Rg8 29. exf6 Rxg3 30. fxg3 Qc5+ 31. Qxc5 Rxc5 32. Rd1 Rxc4 33. Bg5 Bd5 34. a3 b5 35. Rb1 a6 36. Rb4 Rc3 37. a4 Rxg3 38. Bh4 Rxg2+ 39. Kf1 Rg4 40. Rxg4 fxg4 41. axb5 axb5 42. Kf2 b4 43. Kg3 b3 0-1


[Site "https://www.chess.com"]

[Event "Titled Tuesday Blitz May 2 Early 2023"]
[White "Bacallao Alonso, Yusnel"]
[Black "Spitzl, Vinzent"]
[WhiteFideId "3507416"]
[BlackFideId "12901253"]
[WhiteElo "2561"]
[BlackElo "2225"]
[Result "1-0"]
[Round "07"]
[TimeControl "180+2"]
[Date "2023.05.03"]
[WhiteClock "0:00:00"]
[BlackClock "0:00:00"]

1. d4 d5 2. c4 e6 3. Nf3 Nf6 4. Nc3 Bb4 5. Qa4+ Nc6 6. a3 Bxc3+ 7. bxc3 O-O 8. Bg5 h6 9. Bh4 Re8 10. e3 e5 11. Bxf6 gxf6 12. cxd5 Qxd5 13. Bc4 Qd6 14. O-O Be6 15. d5 Bxd5 16. Rfd1 Ne7 17. Bxd5 Nxd5 18. Qg4+ Kh8 19. Qh5 Qe6 20. Rxd5 Qxd5 21. Nh4 Kg8 22. Nf5 Re6 23. Qxh6 1-0


[Site "https://www.chess.com"]

[Event "Titled Tuesday Blitz May 2 Early 2023"]
[White "Klimkowski, Jan"]
[Black "Danielyan, Vahe"]
[WhiteFideId "21856222"]
[BlackFideId "13304828"]
[WhiteElo "2331"]
[BlackElo "2423"]
[Result "1-0"]
[Round "07"]
[TimeControl "180+2"]
[Date "2023.05.03"]
[WhiteClock "0:00:00"]
[BlackClock "0:00:00"]

1. e4 e6 2. Nf3 d5 3. d3 dxe4 4. dxe4 Qxd1+ 5. Kxd1 Nf6 6. Nbd2 Be7 7. Bd3 O-O 8. Ke2 Nc6 9. c3 Rd8 10. Rd1 b6 11. b3 Bb7 12. Bb2 Rd7 13. Nc4 Rad8 14. Nfe5 Nxe5 15. Nxe5 Rd6 16. f3 c5 17. a4 Nh5 18. g3 g6 19. a5 bxa5 20. Nc4 R6d7 21. Rxa5 a6 22. Ba3 Rc7 23. Ne3 Nf6 24. Bxa6 Ra8 25. e5 Bxa6+ 26. Rxa6 Rxa6 27. exf6 Bxf6 28. Nc4 Bxc3 29. Rd8+ Kg7 30. Kd3 Bb4 31. Bb2+ f6 32. g4 Raa7 33. Ke4 Rd7 34. Rb8 Rab7 35. Ra8 Kf7 36. g5 f5+ 37. Ke3 Rd5 38. Rh8 f4+ 39. Kxf4 Rb5 40. Rxh7+ Kg8 41. Rg7+ Kf8 42. Rxg6 Be1 43. Rxe6 Rxb3 44. Rxe1 Rb4 45. Re4 Rd1 46. Be5 Rh1 47. Bd6+ Kg7 48. Bxc5 Rb5 49. Bd4+ Kg6 50. Re6+ Kf7 51. Rf6+ Kg8 52. Nd6 Rb7 53. Kg3 Rg1+ 54. Bxg1 Rb1 55. Bd4 Rb4 56. Nf5 Kh7 57. Rh6+ Kg8 58. g6 Rxd4 59. Nxd4 Kg7 60. Nf5+ Kg8 61. Rh7 Kf8 62. Rh8# 1-0


[Site "https://www.chess.com"]

[Event "Titled Tuesday Blitz May 2 Early 2023"]
[White "Cherniaiev, Tykhon"]
[Black "Jovic, Stanoje"]
[WhiteFideId "14182360"]
[BlackFideId "905020"]
[WhiteElo "2450"]
[BlackElo "2236"]
[Result "1-0"]
[Round "07"]
[TimeControl "180+2"]
[Date "2023.05.03"]
[WhiteClock "0:00:00"]
[BlackClock "0:00:00"]

1. Nf3 Nf6 2. d4 e6 3. c4 b6 4. g3 Ba6 5. Qc2 Bb4+ 6. Bd2 Be7 7. Bg2 O-O 8. O-O d5 9. cxd5 exd5 10. Nc3 c5 11. Rad1 Nc6 12. Bg5 c4 13. Ne5 Nb4 14. Qb1 h6 15. Bxf6 gxf6 16. a3 fxe5 17. axb4 e4 18. f3 f5 19. fxe4 fxe4 20. Rxf8+ Bxf8 21. Nxd5 Qxd5 22. Bxe4 Qd8 23. Bxa8 Qxa8 24. Qg6+ Bg7 25. d5 Bb5 26. Qe6+ Kh8 27. d6 Qc6 28. Qe7 Qd7 29. Rf1 Bd4+ 30. e3 Qxe7 31. dxe7 Bxe3+ 32. Kg2 Bc6+ 33. Kh3 Bd7+ 34. Kg2 Bc6+ 35. Kh3 Bd7+ 36. g4 h5 37. Rf8+ Kg7 38. e8=Q hxg4+ 39. Kg3 Bxe8 40. Rxe8 Bd4 41. Re4 Bxb2 42. Rxg4+ Kf6 43. Rxc4 b5 44. Rc6+ Kf5 45. Rc5+ Be5+ 46. Kf3 a6 47. h4 Ke6 48. Rc6+ Kd5 49. Rxa6 Kc4 50. Re6 Bc3 51. Re4+ Kb3 52. h5 Bxb4 53. Rxb4+ Kxb4 54. h6 Ka3 55. h7 b4 56. h8=Q Ka2 57. Qa8+ Kb2 58. Ke2 b3 59. Kd2 Kb1 60. Qa3 b2 61. Kc3 1-0


[Site "https://www.chess.com"]